 Dungeon Crawl Stone Soup version 0.25.1-8-g42b30a86e7 (webtiles) character file.

Game seed: 2693019415019016976

194 Destapler the Covered (level 5, -5/42 HPs)
             Began as a Centaur Wanderer on Dec 12, 2020.
             Was an Initiate of Fedhas.
             Killed by divine providence
             ... invoked by an orc priest
              (11 damage)
             ... on level 4 of the Dungeon.
             The game lasted 00:10:54 (3820 turns).

Destapler the Covered (Centaur Wanderer)            Turns: 3820, Time: 00:10:55

Health: -5/42      AC:  4    Str: 15    XL:     5   Next: 44%
Magic:  7/7        EV:  9    Int: 10    God:    Fedhas [......]
Gold:   7          SH:  0    Dex: 10    Spells: 7/7 levels left

rFire    . . .     SeeInvis .   b - +0 shortbow
rCold    + . .     Gourm    .   (shield currently unavailable)
rNeg     . . .     Faith    .   e - +0 robe
rPois    .         Spirit   .   (no helmet)
rElec    .         Reflect  .   (no cloak)
rCorr    .         Harm     .   (no gloves)
MR       .....                  (no barding)
Stlth    +.........             (no amulet)
HPRegen  0.14/turn              h - ring of protection from cold
MPRegen  0.10/turn              (no ring)

@: very quick
A: large, hooves 3, deformed body, speed 2, tough skin 3
a: Renounce Religion


You were on level 4 of the Dungeon.
You worshipped Fedhas.
Fedhas was noncommittal.
You were not hungry.

You visited 1 branch of the dungeon, and saw 4 of its levels.

You collected 157 gold pieces.
You spent 150 gold pieces at shops.

Inventory:

Hand Weapons
 a - a +2 hand axe
 b - a +0 shortbow (weapon)
Missiles
 c - 57 arrows (quivered)
 q - 8 silver javelins
Armour
 e - a +0 robe (worn)
Jewellery
 h - a ring of protection from cold (left hand)
Wands
 p - a wand of digging (6)
Scrolls
 g - a scroll of enchant armour {unknown}
 i - 3 scrolls of identify {unknown}
 j - 4 scrolls of remove curse
 k - 3 scrolls of magic mapping {unknown}
 n - 2 scrolls of teleportation {unknown}
 r - 2 scrolls of fear {unknown}
 s - a scroll of fog {unknown}
Potions
 d - a potion of curing
 o - 4 potions of berserk rage {unknown}
Comestibles
 f - 5 rations
 m - a chunk of flesh


   Skills:
 + Level 2.5 Fighting
 + Level 2.3 Axes
 + Level 1.0 Bows
 + Level 2.8 Armour
 + Level 1.7 Stealth
 - Level 1.7 Spellcasting
   Level 1.7 Hexes
 - Level 1.0 Evocations


You had 7 spell levels left.
You didn't know any spells.
Your spell library was empty.

Dungeon Overview and Level Annotations

Branches:
Dungeon (4/15)
 Temple: D:4-7

Altars:
Fedhas
Uskayaw

Shops:
D:4 *


Innate Abilities, Weirdness & Mutations

You have hooves in place of feet.
Armour fits poorly on your strangely shaped body.
You cover ground very quickly.
You have extremely tough skin. (AC +3)


Message History

You shoot an arrow. The arrow barely misses the orc priest.
The ball python hisses angrily.
The arrow hits the orc wizard but does no damage.
The orc priest mumbles some strange prayers to Beogh against you.
Pain shoots through your body!
* * * LOW HITPOINT WARNING * * *
The orc wizard looks satisfied for a moment.
A magic dart appears from out of thin air!
The magic dart hits you.
* * * LOW HITPOINT WARNING * * *
You are too injured to fight recklessly!
Firing (i - inventory. (/) - cycle)
c - 58 arrows (quivered)
Press: ? - help, Shift-Dir - straight line, f/p - orc priest
Aim: an orc priest, wielding a +0 falchion (moderately wounded, inner flame)
You shoot an arrow.
The arrow closely misses the orc priest.
The orc priest mumbles some strange prayers to Beogh against you.
Beogh smites you!
You die...
Fedhas appreciates your contribution to the ecosystem.

...#...##......# .>......+..>...#
#....#.#
...#.#..#......####......
........#......#..#.....#... #.
...#.#..#......#..#.....#... ...
[......##......#..#.....#..# ....
...............#..#.S...#..##....
...............'..#.....#........
...............#@.#...∩.#......#
.#.#.<...#######..#.....'......##
.....<...#.........o.oo(.......(.
.#.#.....#..........#.#.#........
.........#########.........######
###...#### #..#.#.#..# #####
#.........# #..#.#.#..#
##........#


You could see an orc priest (inner flame).

Vanquished Creatures
  A worker ant (D:3)
  A gnoll (D:1)
  7 adders
  An ooze (D:2)
  3 worms
  6 dart slugs (D:1)
  3 leopard geckos
  5 bats
  5 giant cockroaches
  6 goblins
  8 hobgoblins
  2 jackals (D:1)
  8 kobolds
  A quokka (D:2)
  2 ball pythons
  7 frilled lizards
  A jackal skeleton (D:4)
  9 rats
76 creatures vanquished.

Notes
Turn   | Place    | Note
-------+----------+-------------------------------------------
     0 | D:1      | Destapler the Centaur Wanderer began the quest for the Orb.
     0 | D:1      | Destapler set off with the following items: a +2 hand axe,
                  | a +0 shortbow, 27 arrows, a potion of curing, a +0 robe, a
                  | ration
     0 | D:1      | Reached XP level 1. HP: 16/16 MP: 2/2
    41 | D:1      | Reached XP level 2. HP: 18/23 MP: 3/3
   491 | D:1      | Reached XP level 3. HP: 27/28 MP: 4/4
  1318 | D:2      | Reached XP level 4. HP: 27/36 MP: 6/6
  1708 | D:2      | Found a hide-covered altar of Uskayaw.
  2500 | D:2      | Found a blossoming altar of Fedhas.
  2714 | D:2      | Became a worshipper of Fedhas Madash
  2786 | D:3      | Reached XP level 5. HP: 40/41 MP: 7/7
  3680 | D:4      | Reached skill level 1 in Bows
  3791 | D:4      | Found Nohauphy's Assorted Antiques.
  3802 | D:4      | Bought a scroll labeled WUBADO PIEHULE for 30 gold pieces
  3802 | D:4      | Bought a scroll labeled TINUCH SENGYASS for 30 gold pieces
  3802 | D:4      | Bought a scroll labeled QUOLUI XACHO for 30 gold pieces
  3802 | D:4      | Bought a scroll labeled QUOLUI XACHO for 30 gold pieces
  3802 | D:4      | Bought a scroll labeled SURENUO QIASSUYH for 30 gold pieces
  3820 | D:4      | Killed from afar by an orc priest

Illustrated notes

Levels and vault maps discovered:
D:1:      dpeg_arrival_brainrot, layout_basic
D:2:      layout_loops_ring, nicolae_overflow_crystal_walls, fedhas_altar_4
D:3:      layout_basic
D:4:      layout_gridville, serial_glass, glass_columns_c, glass_columns_a,
          glass_columns_b, glass_columns_a, glass_columns_b, glass_columns_c,
          glass_columns_a, glass_columns_b, glass_columns_c, glass_columns_b,
          glass_columns_a, glass_columns_a, glass_columns_c, glass_columns_a,
          first_ration, serial_shops, shop, minmay_misc_feat_nine_boxes

Skill      XL: |  1  2  3  4  5 |
---------------+----------------+-----
Fighting       | 2 |  2.5
Axes           | 2 |  2.3
Bows           | 1 |  1.0
Armour         | |  2.8
Stealth        | |  1.7
Spellcasting   | |  1.7
Hexes          | |  1.7
Evocations     | |  1.0

Action                   |  1- 3 |  4- 6 || total
-------------------------+-------+-------++-------
Melee: Hand axe          |    75 |   110 ||   185
       Kick              |    11 |    17 ||    28
 Fire: Shortbow          |     4 |     2 ||     6
  Use: Scroll            |       |     2 ||     2
 Stab: Sleeping          |       |     2 ||     2
  Eat: Chunk             |       |     7 ||     7
Armor: Robe              |    25 |    41 ||    66
Dodge: Dodged            |    31 |    39 ||    70
